 Dungeon Crawl Stone Soup version 0.29-a0-824-gd827844252 (webtiles) character file.

Game seed: 4811187501941293509

239 lesbiats the Chopper (level 6, -5/53 HPs)
             Began as a Gnoll Cinder Acolyte on July 11, 2022.
             Was a Priest of Ignis.
             Constricted to death by Dowan (7 damage)
             ... on level 4 of the Dungeon.
             The game lasted 00:14:10 (3009 turns).

lesbiats the Chopper (Gnoll Cinder Acolyte)         Turns: 3009, Time: 00:14:12

Health: -5/53      AC:  6    Str: 21    XL:     6   Next: 7%
Magic:  11/11      EV:  8    Int: 13    God:    Ignis [***...]
Gold:   152        SH:  0    Dex:  8    Spells: 9/11 levels left

rFire   + . .      SeeInvis .   a - -1 hand axe (flame)
rCold   . . .      Faith    .   (no shield)
rNeg    . . .      Spirit   .   t - +0 leather armour
rPois   .          Reflect  .   (no helmet)
rElec   .          Harm     .   (no cloak)
rCorr   .          Rampage  .   (no gloves)
Will    .....                   r - +0 pair of boots
Stlth   +.........              (no amulet)
HPRegen 0.17/turn               s - +6 ring of strength
MPRegen 0.12/turn               (no ring)

@: grasped by roots, constricted
A: fangs 1, strong nose, distributed training, talons 1, iridescent scales 1
a: Renounce Religion, Fiery Armour, Foxfire Swarm, Rising Flame


You were on level 4 of the Dungeon.
You worshipped Ignis.
Ignis was most pleased with you.
You visited 1 branch of the dungeon, and saw 4 of its levels.

You collected 152 gold pieces.

Inventory:

Hand Weapons
 a - a -1 hand axe of flaming (weapon)
 m - a +1 vampiric dagger
 o - a +2 dagger of venom
Missiles
 g - 10 curare-tipped darts (quivered)
 k - 2 poisoned darts
Armour
 b - a +0 robe
 h - a +0 ring mail
 i - a +0 ring mail
 r - a +0 pair of boots (worn)
 t - a +0 leather armour (worn)
Jewellery
 s - a +6 ring of strength (left hand)
Wands
 u - a wand of mindburst (23)
Scrolls
 e - a scroll of amnesia
 f - a scroll of identify
 j - a scroll of torment
 l - a scroll of acquirement {unknown}
 p - a scroll of immolation
 v - a scroll of blinking {unknown}
 w - a scroll of teleportation {unknown}
 y - a scroll of fog {unknown}
 z - a scroll of brand weapon {unknown}
Potions
 c - a potion of haste {unknown}
 d - 3 potions of degeneration
 n - a potion of attraction
 q - a potion of brilliance
 x - a potion of curing
 A - a potion of heal wounds


   Skills:
 + Level 6.8 Fighting
 + Level 1.8 Short Blades
 + Level 1.8 Long Blades
 + Level 6.8 Axes
 + Level 1.8 Maces & Flails
 + Level 1.8 Polearms
 + Level 1.8 Staves
 + Level 1.8 Ranged Weapons
 + Level 1.8 Throwing
 + Level 1.8 Armour
 + Level 1.8 Dodging
 + Level 1.8 Stealth
 + Level 1.8 Shields
 + Level 1.8 Unarmed Combat
 + Level 3.3 Spellcasting
 + Level 1.4 Conjurations
 + Level 1.4 Hexes
 + Level 1.4 Summonings
 + Level 1.4 Necromancy
 + Level 1.4 Translocations
 + Level 1.4 Transmutations
 + Level 5.6 Fire Magic
 + Level 1.4 Ice Magic
 + Level 1.4 Air Magic
 + Level 1.4 Earth Magic
 + Level 1.4 Poison Magic
 + Level 2.0 Invocations
 + Level 1.8 Evocations


You had 9 spell levels left.
You knew the following spells:

 Your Spells              Type           Power      Damage    Failure   Level
a - Scorch                Fire           32%        2d7       3%          2

Your spell library contained the following spells:

 Spells                   Type           Power      Damage    Failure   Level
 Ensorcelled Hibernation  Hex/Ice        12%        N/A       22%         2
 Passwall                 Tmut/Erth      5%         N/A       22%         2
 Swiftness                Air            6%         N/A       38%         3


Dungeon Overview and Level Annotations

Branches:
Dungeon (4/15)
 Temple: D:4-7

Altars:

Shops:
D:1 =

Annotations:
D:4 Dowan, Duvessa


Innate Abilities, Weirdness & Mutations

You have very sharp teeth.
Your uncanny sense of smell can sniff out nearby items.
Your experience applies equally to all skills.
You have sharp toenails.
You are partially covered in iridescent scales. (AC +2)


Message History

Beogh smites you!
The foxfire hits Dowan.
Dowan resists.
Dowan is severely wounded.
The foxfire hits Dowan.
Dowan resists.
Dowan is severely wounded.
The foxfire hits Duvessa.
Duvessa is lightly wounded.
The foxfire hits Duvessa but does no damage.
Duvessa is lightly wounded.
The foxfire hits Duvessa but does no damage.
Duvessa is lightly wounded.
The foxfire hits Dowan but does no damage.
Dowan is severely wounded.
The foxfire hits Duvessa but does no damage.
Duvessa is lightly wounded.
Dowan hits you but does no damage.
You hit Duvessa but do no damage.
Duvessa is lightly wounded.
You closely miss Dowan. Duvessa barely misses you.
Dowan mumbles some strange words.
Dowan blinks!
Duvessa hits you with a +0 rapier!
You hit Duvessa. You burn Duvessa. Your bite misses Duvessa.
Duvessa is lightly wounded.
Dowan gestures wildly while chanting.
Dowan blinks!
You hit Duvessa but do no damage.
Duvessa is lightly wounded.
You barely miss the orc. Duvessa hits you with a +0 rapier!
The orc hits you but does no damage.
The orc priest calls down the wrath of Beogh upon you.
Pain shoots through your body!
* * * LOW HITPOINT WARNING * * *
Dowan says, "My weaknesses are her strengths!"
Duvessa barely misses you. Duvessa hits you with a +0 rapier!
* * * LOW HITPOINT WARNING * * *
Dowan zaps a wand.
The roots erupt in riotous growth!
The orc is unaffected.
The grasping roots grab you!
Duvessa is unaffected.
The orc priest is unaffected.
The grasping roots constrict you!
You die...

.. ##########.# #####
#...........
###...########...........
.............+.........ยง.
###.#..(....##...........
# #####.##..##...e.......
# #...#.##......@o)e.....
###.#.#.##....#..o.)#####
.)......###.#.#.##......
.........######## .......
####.#.### #...!..
#.##....# ...... .....####
...... ......<# ......
..######


You could see Duvessa (fast), Dowan, an orc priest and an orc.

Vanquished Creatures
  An ogre (D:4)
  Natasha (thrice) (D:3)
  2 adders (D:2)
  3 dart slugs (D:1)
  4 orcs
  3 bats (D:1)
  7 endoplasms
  2 giant cockroaches
  5 goblins
  4 hobgoblins
  2 jackals (D:3)
  2 quokkas (D:1)
  5 ball pythons
  4 frilled lizards
  3 kobolds
  6 rats
56 creatures vanquished.

Vanquished Creatures (others)
  62 foxfires
62 creatures vanquished.

Grand Total: 118 creatures vanquished

Notes
Turn   | Place    | Note
-------+----------+-------------------------------------------
     0 | D:1      | lesbiats the Gnoll Cinder Acolyte began the quest for the
                  | Orb.
     0 | D:1      | Reached XP level 1. HP: 23/23 MP: 4/4
   320 | D:1      | Found Orhuelua's Jewellery Shop.
   368 | D:1      | Reached XP level 2. HP: 27/29 MP: 5/5
   718 | D:1      | Reached XP level 3. HP: 35/35 MP: 7/7
  1016 | D:1      | Learned a level 2 spell: Scorch
  1097 | D:2      | Found a faded altar of an unknown god.
  1253 | D:2      | Reached skill level 1 in Invocations
  1428 | D:2      | Reached skill level 1 in Short Blades
  1428 | D:2      | Reached skill level 1 in Long Blades
  1428 | D:2      | Reached skill level 1 in Maces & Flails
  1428 | D:2      | Reached skill level 1 in Polearms
  1428 | D:2      | Reached skill level 1 in Staves
  1428 | D:2      | Reached skill level 1 in Ranged Weapons
  1428 | D:2      | Reached skill level 1 in Throwing
  1428 | D:2      | Reached skill level 1 in Armour
  1428 | D:2      | Reached skill level 1 in Dodging
  1428 | D:2      | Reached skill level 1 in Stealth
  1428 | D:2      | Reached skill level 1 in Shields
  1428 | D:2      | Reached skill level 1 in Unarmed Combat
  1428 | D:2      | Reached skill level 1 in Evocations
  1794 | D:2      | Reached XP level 4. HP: 41/41 MP: 8/8
  2231 | D:3      | Noticed Natasha
  2243 | D:3      | Killed Natasha
  2244 | D:3      | Reached skill level 1 in Conjurations
  2244 | D:3      | Reached skill level 1 in Hexes
  2244 | D:3      | Reached skill level 1 in Summonings
  2244 | D:3      | Reached skill level 1 in Necromancy
  2244 | D:3      | Reached skill level 1 in Translocations
  2244 | D:3      | Reached skill level 1 in Transmutations
  2244 | D:3      | Reached skill level 1 in Ice Magic
  2244 | D:3      | Reached skill level 1 in Air Magic
  2244 | D:3      | Reached skill level 1 in Earth Magic
  2244 | D:3      | Reached skill level 1 in Poison Magic
  2355 | D:3      | Gained mutation: You have sharp toenails. [potion of
                  | mutation]
  2355 | D:3      | Gained mutation: You possess an exceptional clarity of
                  | mind. [potion of mutation]
  2356 | D:3      | Lost mutation: You possess an exceptional clarity of mind.
                  | [potion of mutation]
  2356 | D:3      | Lost mutation: You have sharp toenails. [potion of
                  | mutation]
  2356 | D:3      | Gained mutation: You have sharp toenails. [potion of
                  | mutation]
  2356 | D:3      | Gained mutation: You are partially covered in iridescent
                  | scales. (AC +2) [potion of mutation]
  2520 | D:3      | Noticed Natasha
  2533 | D:3      | Killed Natasha
  2534 | D:3      | Reached XP level 5. HP: 39/47 MP: 6/9
  2631 | D:3      | Noticed Natasha
  2639 | D:3      | Killed Natasha
  2749 | D:4      | Noticed an ogre
  2787 | D:4      | Killed an ogre
  2788 | D:4      | Reached XP level 6. HP: 20/53 MP: 9/11
  2999 | D:4      | Noticed Duvessa
  3000 | D:4      | Noticed Dowan
  3009 | D:4      | HP: 2/53 [Duvessa/+0 rapier (8)]
  3009 | D:4      | Constricted to death by Dowan

Illustrated notes

Levels and vault maps discovered:
D:1:      dpeg_arrival_rooms_a, layout_loops_ring, serial_shops, shop,
          chequers_serial_rivers_micro_c
D:2:      layout_loops_cross, hellmonk_ecumenical_altar_blasted
D:3:      layout_basic, uniq_natasha
D:4:      layout_basic, lightli_temple_of_fire, serial_shops,
          nicolae_shop_behind_doors, uniq_duvessa

Skill      XL: |  1  2  3  4  5 |
---------------+----------------+-----
Invocations    | 1 2 |  2.0
Short Blades   | 1 |  1.8
Long Blades    | 1 |  1.8
Maces & Flails | 1 |  1.8
Polearms       | 1 |  1.8
Staves         | 1 |  1.8
Ranged Weapons | 1 |  1.8
Throwing       | 1 |  1.8
Armour         | 1 |  1.8
Dodging        | 1 |  1.8
Stealth        | 1 |  1.8
Shields        | 1 |  1.8
Unarmed Combat | 1 |  1.8
Evocations     | 1 |  1.8
Spellcasting   | 3 |  3.3
Conjurations   | 1 |  1.4
Hexes          | 1 |  1.4
Summonings     | 1 |  1.4
Necromancy     | 1 |  1.4
Translocations | 1 |  1.4
Transmutations | 1 |  1.4
Ice Magic      | 1 |  1.4
Air Magic      | 1 |  1.4
Earth Magic    | 1 |  1.4
Poison Magic   | 1 |  1.4
Fighting       | |  6.8
Axes           | |  6.8
Fire Magic     | |  5.6

Action                   |  1- 3 |  4- 6 || total
-------------------------+-------+-------++-------
Melee: Hand axe          |   126 |    53 ||   179
       Bite              |     3 |     8 ||    11
       Punch             |     1 |     1 ||     2
Throw: Dart              |       |     2 ||     2
 Cast: Scorch            |       |     2 ||     2
Invok: Foxfire Swarm     |       |     4 ||     4
  Use: Scroll            |     7 |     1 ||     8
       Potion            |     1 |     4 ||     5
Armor: Ring mail         |    46 |     1 ||    47
       Robe              |     2 |       ||     2
       Leather armour    |       |    10 ||    10
Dodge: Dodged            |    70 |    28 ||    98

Table legend: (Time is in decaauts)
 A = Elapsed time spent in this place.
 B = Non-inter-level travel time spent in this place.
 C = Inter-level travel time spent in this place.
 D = Time resting spent in this place.
 E = Time spent auto-exploring this place.
 F = Levels seen in this place.
 G = Mean time per level.
                   A        B        C        D        E       F      G
               +--------+--------+--------+--------+--------+-----+--------+
         Total |   3030 |   2889 |    141 |    640 |   1498 |   4 |  757.5 |
       Dungeon |   3030 |   2889 |    141 |    640 |   1498 |   4 |  757.5 |
               +--------+--------+--------+--------+--------+-----+--------+

Top non-repeatable levels by time:
     D:1: 1067 daAuts
     D:2: 946 daAuts
     D:3: 744 daAuts
     D:4: 272 daAuts
